 Dungeon Crawl Stone Soup version 0.18-a0-1123-gbd92598 (webtiles) character file.

822 gorblad the Basher (level 7, -9/120 HPs)
             Began as an Ogre Berserker on Jan 20, 2016.
             Was a Priest of Trog.
             Mangled by a river rat (10 damage)
             ... summoned by Eustachio
             ... on level 5 of the Dungeon.
             The game lasted 00:13:30 (4260 turns).

gorblad the Basher (Ogre Berserker)                 Turns: 4260, Time: 00:13:30

Health: -9/120     AC: -7    Str: 30    XL:     7   Next: 95%
Magic:  7/7        EV: 11    Int:  6    God:    Trog [***...]
Gold:   169        SH:  0    Dex:  9    Spells: 0 memorised, 6 levels left

rFire  + . .     SeeInvis .     n - +0 giant club
rCold  . . .     Gourm    .     b - +1 animal skin
rNeg   . . .     Faith    .     (shield currently unavailable)
rPois  .         Spirit   .     v - +1 hat
rElec  .         Dismiss  +     (no cloak)
rCorr  .         Reflect  .     (gloves unavailable)
SustAt .         Harm     .     (boots unavailable)
MR     +++..                    l - amulet of dismissal
Stlth  ..........               o - ring of protection from magic
                                k - ring of protection from fire

@: berserking, marked, corroded equipment, regenerating, very quick, extremely
resistant to hostile enchantments, extremely unstealthy
A: unfitting armour, tough skin 1
a: Berserk, Trog's Hand, Burn Spellbooks, Renounce Religion


You were on level 5 of the Dungeon.
You worshipped Trog.
Trog was most pleased with you.
You were hungry.

You visited 1 branch of the dungeon, and saw 5 of its levels.

You collected 169 gold pieces.

Inventory:

Hand Weapons
 a - a +0 mace
 n - a +0 giant club (weapon)
Armour
 b - a +1 animal skin (worn)
 v - a +1 hat (worn)
Jewellery
 k - a ring of protection from fire (left hand)
 l - an amulet of dismissal (around neck)
 o - a ring of protection from magic (right hand)
Scrolls
 j - 2 scrolls of teleportation
 m - a scroll of remove curse
 p - a scroll of fear
 t - 2 scrolls of fog
Potions
 d - a potion of might
 e - a potion of agility {unknown}
 f - a potion of cure mutation {unknown}
 g - 2 potions of flight {unknown}
 r - 2 potions of cancellation {unknown}
 u - a potion of curing
Comestibles
 c - 2 bread rations
 h - 2 meat rations
 i - 11 chunks of flesh
 q - 2 beef jerkies
 s - a slice of pizza


   Skills:
 * Level 8.2 Fighting
 * Level 8.2 Maces & Flails
 + Level 4.3 Dodging


You had 6 spell levels left.
You didn't know any spells.

Dungeon Overview and Level Annotations

Branches:
Dungeon (5/15)             Temple (0/1) D:4

Altars:
Makhleb
Pakellas
Ru
Trog
Xom
Yredelemnul
The Shining One

Annotations:
D:5 Dowan, Duvessa, Eustachio


Innate Abilities, Weirdness & Mutations

You are too large for most types of armour.
You have tough skin (AC +1).


Message History

* * * LOW HITPOINT WARNING * * *
You are splashed with acid!
The acid burns!
* * * LOW HITPOINT WARNING * * *
Duvessa hits you with a rapier.
* * * LOW HITPOINT WARNING * * *
Eustachio closely misses you.
You hit Eustachio.
Eustachio is lightly wounded.
Dowan hits you with a dagger.
* * * LOW HITPOINT WARNING * * *
The river rat barely misses you. The jelly hits you.
* * * LOW HITPOINT WARNING * * *
You are splashed with acid!
The acid corrodes you!
The acid burns!
* * * LOW HITPOINT WARNING * * *
You barely miss the river rat. Duvessa hits you with a rapier.
* * * LOW HITPOINT WARNING * * *
Eustachio brags, "I can call spirits from the vasty deep."
Eustachio gestures wildly while chanting.
Eustachio blinks!
Dowan barely misses you. The river rat bites you!
You die...

#####8######.#####.#
# #8_.._.._8##.# #.#
#. #≈§....≈##..# #.#
#.. #§§..§≈≈##..# #.#
#..##≈≈.§≈##..## #.#
#..##≈.§##..## ###.#
#..##'##..## #...#
#.reer...######.#####
#.#J@###.............
#.rrh##
#######..)#.## #@##S.
#...)..# # ##.
#..)#)## §. #####.#
§# #.# #.## #.## #.##


You could see Eustachio, Duvessa, Dowan, a hound, a jelly, an adder, a river
rat, 2 quokkas and a rat.

Vanquished Creatures
  The ghost of M4edhros the Sneak, an amateur OpAr of Ru (D:3)
  An ice beast (D:4)
  A sky beast (D:5)
  An ogre (D:4)
  A scorpion (D:4)
  3 orc wizards
  An iguana (D:4)
  A worker ant (D:4)
  3 gnolls (D:3)
  4 adders
  2 adder skeletons
  5 worms
  5 giant geckos
  16 orcs
  A ball python (D:1)
  7 bats
  4 giant cockroaches
  9 goblins
  5 hobgoblins
  7 jackals
  9 kobolds
  4 quokkas
  4 giant newts
  11 rats
106 creatures vanquished.

Notes
Turn   | Place    | Note
--------------------------------------------------------------
     0 | D:1      | gorblad the Ogre Berserker began the quest for the Orb.
     0 | D:1      | Reached XP level 1. HP: 24/24 MP: 1/1
   169 | D:1      | Reached XP level 2. HP: 32/32 MP: 2/2
   528 | D:1      | Reached XP level 3. HP: 29/40 MP: 3/3
   666 | D:2      | Reached ** piety under Trog
   666 | D:2      | Reached skill level 5 in Maces & Flails
  1079 | D:2      | Reached skill level 5 in Fighting
  1082 | D:2      | Reached XP level 4. HP: 13/50 MP: 4/4
  2087 | D:3      | Reached XP level 5. HP: 26/57 MP: 5/5
  2435 | D:3      | HP: 2/88 [gnoll/spear (7)]
  2728 | D:3      | Reached skill level 6 in Maces & Flails
  2779 | D:3      | Found a burning altar of Makhleb.
  2813 | D:3      | Found a shimmering altar of Xom.
  2814 | D:3      | Noticed M4edhros's ghost (amateur OpAr)
  2818 | D:3      | Killed M4edhros's ghost
  2818 | D:3      | Reached XP level 6. HP: 68/68 MP: 6/6
  2912 | D:3      | Reached *** piety under Trog
  2993 | D:3      | Found a glowing golden altar of the Shining One.
  2995 | D:3      | Noticed an angel
  3012 | D:3      | Found a basalt altar of Yredelemnul.
  3024 | D:3      | Noticed a profane servitor
  3367 | D:4      | Reached skill level 7 in Fighting
  3367 | D:4      | Reached XP level 7. HP: 50/78 MP: 7/7
  3670 | D:4      | Found a staircase to the Ecumenical Temple.
  4104 | D:5      | Entered Level 5 of the Dungeon
  4132 | D:5      | Reached skill level 8 in Maces & Flails
  4230 | D:5      | Found an oddly glowing altar of Pakellas.
  4231 | D:5      | Found a bloodstained altar of Trog.
  4232 | D:5      | Found a sacrificial altar of Ru.
  4248 | D:5      | Noticed Dowan
  4249 | D:5      | Noticed Eustachio
  4250 | D:5      | Noticed Duvessa
  4259 | D:5      | HP: 3/120 [acid (9)]
  4260 | D:5      | HP: 1/120 [Duvessa/rapier (3)]
  4260 | D:5      | Mangled by a river rat

Vault maps used:
D:1:      dpeg_arrival_simpleton_c, kennysheep_another_room
D:3:      kennysheep_six_static_rooms, grunt_temple_overflow_holy_war,
          lemuel_doored_altar, lightli_temple_of_fire
D:5:      grunt_dithmenos_smoke_and_mirrors, cheibriados_altar_1,
          gammafunk_temple_overflow_claw, first_bread, grunt_gozag_statues,
          uniq_eustachio, uniq_blork_the_orc, uniq_duvessa

Action                   |  1- 3 |  4- 6 |  7- 9 || total
-------------------------+-------+-------+-------++-------
Melee: Mace              |   124 |   162 |       ||   286
       Giant club        |       |       |    69 ||    69
Invok: Berserk           |     1 |     3 |     2 ||     6
       Trog's Hand       |     1 |     1 |     1 ||     3
       Burn Spellbooks   |       |       |     1 ||     1
  Use: Scroll            |       |    11 |     4 ||    15
       Potion            |       |     2 |       ||     2
  Eat: Chunk             |     1 |     6 |     4 ||    11
       Meat ration       |       |     1 |       ||     1
